 Dungeon Crawl Stone Soup version 0.31-a0-1027-gfb7600b (webtiles) character file.

Game seed: 4930616108934485581

219 PurpleRed the Gusty (level 5, -1/28 HPs)
             Began as a Deep Elf Air Elementalist on Nov 17, 2023.
             Constricted to death by Pikel (7 damage)
             ... on level 4 of the Dungeon.
             The game lasted 00:10:23 (3153 turns).

PurpleRed the Gusty (Deep Elf Air Elementalist)     Turns: 3153, Time: 00:10:23

Health: -1/28      AC:  3    Str:  5    XL:     5   Next: 64%
Magic:  2/14       EV:  9    Int: 22    God:
Gold:   160        SH:  0    Dex: 15    Spells: 7/14 levels left

rFire   . . .        r - +2 short sword (venom)
rCold   . . .        (no shield)
rNeg    . . .        t - +1 robe of the Beastly God {Harm Regen+ rCorr}
rPois   .            (no helmet)
rElec   .            (no cloak)
rCorr   +            (no gloves)
SInv    .            (no boots)
Will    .....        (no amulet)
Stlth   ++           (no ring)
HPRegen 1.04/turn    (no ring)
MPRegen 0.14/turn

%: harm (+30% outgoing, +20% incoming)
@: grasped by roots, very slightly contaminated, constricted
A: no striking features
a: no special abilities


You were on level 4 of the Dungeon.
You visited 1 branch of the dungeon, and saw 4 of its levels.

You collected 160 gold pieces.

Inventory:

Hand Weapons
 d - a +0 dagger
 r - a +2 short sword of venom (weapon)
Missiles
 g - 12 boomerangs
 s - 3 javelins
Armour
 a - a +0 robe
 j - a +0 ring mail
 k - a +0 leather armour
 t - the +1 robe of the Beastly God (worn) {Harm Regen+ rCorr}
   (You found it on level 3 of the Dungeon)

   Regen+:    It increases your rate of health regeneration.
   rCorr:     It protects you from acid and corrosion.
   Harm:      It increases damage dealt and taken.
Wands
 v - a wand of charming (4)
Scrolls
 q - a scroll of teleportation
Potions
 e - a potion of attraction {unknown}
 f - a potion of heal wounds {unknown}
 h - 3 potions of haste
 i - a potion of cancellation {unknown}
 l - 2 potions of curing {unknown}
 n - a potion of resistance {unknown}
 o - 2 potions of enlightenment {unknown}
 w - a potion of mutation {unknown}
 x - a potion of invisibility {unknown}


   Skills:
 - Level 2.4 Dodging
 - Level 2.4 Stealth
 - Level 5.0 Spellcasting
 - Level 2.0 Conjurations
 * Level 5.4 Air Magic


You had 7 spell levels left.
You knew the following spells:

 Your Spells              Type           Power      Damage    Failure   Level
a - Shock                 Conj/Air       84%        1d8       2%          1
b - Static Discharge      Conj/Air       42%        3-5/arc   3%          2
c - Airstrike             Air            14%        2d(3-19)  11%         4

Your spell library contained the following spells:

 Spells                   Type           Power      Damage    Failure   Level
 Swiftness                Air            29%        N/A       3%          3
 Freeze                   Ice            20%        1d4       10%         1
 Hailstorm                Conj/Ice       9%         3d4       21%         3
 Frozen Ramparts          Ice            10%        1d2       30%         3


Dungeon Overview and Level Annotations

Branches:
Dungeon (4/15)
 Temple: D:4-7

Altars:

Shops:
D:2 *

Portals:
Abyss: D:4

Annotations:
D:4 2 transporters, NewUser1's ghost, amateur OgCK; Pikel


Message History

The grasping roots constrict you.
You hear a shout! x2
You escape the roots grasp.
Pikel zaps a wand.
The roots erupt in riotous growth!
The grasping roots grab you! The grasping roots constrict you.
You hear a shout!
You escape the roots grasp.
A lemure comes into view.
Pikel says, "Time is money, and you're costing me too much!"
Casting: Airstrike (extremely dangerous; 11% risk of failure)
Confirm with . or Enter, or press ? or * to list all spells.
Aiming: Airstrike (extremely dangerous; 11% risk of failure)
Press: ? - help, Dir - move target, f - Pikel
Aim: Pikel, wielding a +2 whip of freezing, wearing a +2 robe of cold resistance and carrying a wand of roots (empty space bonus: 6/8)
The air twists around and strikes Pikel.
Pikel is lightly wounded.
Casting: Airstrike (extremely dangerous; 11% risk of failure)
Confirm with . or Enter, or press ? or * to list all spells.
Aiming: Airstrike (extremely dangerous; 11% risk of failure)
Press: ? - help, Dir - move target, f/p - Pikel
Aim: Pikel, wielding a +2 whip of freezing, wearing a +2 robe of cold resistance and carrying a wand of roots (lightly wounded, empty space bonus: 7/8)
The air twists around and strikes Pikel!
Pikel is severely wounded.
Pikel zaps a wand.
The roots erupt in riotous growth!
The grasping roots grab you! The grasping roots constrict you!
Casting: Airstrike (extremely dangerous; 11% risk of failure)
Confirm with . or Enter, or press ? or * to list all spells.
Aiming: Airstrike (extremely dangerous; 11% risk of failure)
Press: ? - help, Dir - move target, f/p - Pikel
Aim: Pikel, wielding a +2 whip of freezing, wearing a +2 robe of cold resistance and carrying a wand of roots (severely wounded, empty space bonus: 7/8)
You miscast Airstrike.
You are very lightly contaminated with residual magic.
You feel a sudden electric shock!
Ouch! That really hurt!
* * * LOW HITPOINT WARNING * * *
The grasping roots constrict you.
You die...
Pikel says, "See you in Hell!"

##..###..##:#....# ##............
##...### x ##....# #...†........
.##....#. #.....####..#.........
. ###©##.. #...........#K........
#...###.#..##....................
#.#..$.#^^.5#..#####.5.#.........
#.##[###...##.....##K..#.........
.. ... ##.##...<.....#...........
g##### ## #.....@................
. #..## .###.........###.........
###...###..#........## ..........
#.......####........##.........
......................... ..
..........÷÷.............
#....#..............#..#..
####.##...............#..#
#....................##


You could see Pikel, a lemure and an ufetubus.

Vanquished Creatures
  A lemure (D:4)
  A scorpion (D:4)
  A hound (D:4)
  An iguana (D:4)
  A gnoll (D:2)
  5 adders
  A worm (D:3)
  A dart slug (D:1)
  An orc (D:3)
  4 ball pythons
  6 endoplasms
  2 giant cockroaches
  5 goblins
  5 hobgoblins
  2 jackals (D:1)
  7 bats
  2 frilled lizards
  2 kobolds
  6 rats
54 creatures vanquished.

Notes
Turn   | Place    | Note
-------+----------+-------------------------------------------
     0 | D:1      | PurpleRed the Deep Elf Air Elementalist began the quest for
                  | the Orb.
     0 | D:1      | Reached XP level 1. HP: 10/10 MP: 6/6
   242 | D:1      | Reached XP level 2. HP: 15/15 MP: 6/8
   348 | D:1      | Learned a level 2 spell: Static Discharge
  1027 | D:2      | Reached XP level 3. HP: 11/19 MP: 3/10
  1595 | D:2      | Found Maupnaup's General Store.
  1983 | D:3      | Identified the +1 robe of the Beastly God {Harm Regen+
                  | rCorr}
  2218 | D:3      | Reached XP level 4. HP: 24/24 MP: 7/12
  2680 | D:3      | Learned a level 4 spell: Airstrike
  2696 | D:4      | Noticed a scorpion
  2706 | D:4      | Killed a scorpion
  2707 | D:4      | Reached XP level 5. HP: 28/28 MP: 7/13
  2748 | D:4      | Reached skill level 5 in Air Magic
  2839 | D:4      | Noticed a small abomination
  2974 | D:4      | Found a transporter.
  2974 | D:4      | Found a one-way gate to the infinite horrors of the Abyss.
  2974 | D:4      | Noticed NewUser1's ghost (amateur OgCK)
  2975 | D:4      | Noticed a small abomination
  2976 | D:4      | Found a transporter.
  3045 | D:4      | Noticed a lemure
  3046 | D:4      | Noticed a lemure
  3046 | D:4      | Noticed Pikel
  3058 | D:4      | Reached skill level 5 in Spellcasting
  3067 | D:4      | Killed a lemure
  3145 | D:4      | Noticed a lemure
  3147 | D:4      | Noticed a lemure
  3153 | D:4      | Constricted to death by Pikel

Illustrated notes

Levels and vault maps discovered:
D:1:      nicolae_arrival_escape_room, layout_loops_ring
D:2:      layout_loops_ring, serial_shops, shop_statue, minmay_tromino_v7
D:3:      layout_loops_ring, nicolae_houndstooth_variations
D:4:      layout_rooms, gammafunk_ghost_abyssal_escape,
          kennysheep_windowed_goal, uniq_pikel

Skill      XL: |  1  2  3  4  5 |
---------------+----------------+-----
Conjurations   | 2 |  2.0
Air Magic      | 4 5 |  5.4
Spellcasting   | 4 5 |  5.0
Dodging        | |  2.4
Stealth        | |  2.4

Action                     |  1- 3 |  4- 6 || total
---------------------------+-------+-------++-------
  Melee: Short sword       |     1 |       ||     1
   Cast: Shock             |    80 |    17 ||    97
         Static Discharge  |     2 |     1 ||     3
         Airstrike         |       |     8 ||     8
    Use: Potion            |     1 |       ||     1
         Scroll            |     2 |     7 ||     9
 Armour: Robe              |    12 |     2 ||    14
  Dodge: Dodged            |    10 |     2 ||    12

Table legend: (Time is in decaauts)
 A = Elapsed time spent in this place.
 B = Non-inter-level travel time spent in this place.
 C = Inter-level travel time spent in this place.
 D = Time resting spent in this place.
 E = Time spent auto-exploring this place.
 F = Levels seen in this place.
 G = Mean time per level.
                   A        B        C        D        E       F      G
               +--------+--------+--------+--------+--------+-----+--------+
         Total |   3151 |   3005 |    146 |    396 |   1962 |   4 |  787.8 |
       Dungeon |   3151 |   3005 |    146 |    396 |   1962 |   4 |  787.8 |
               +--------+--------+--------+--------+--------+-----+--------+

Top non-repeatable levels by time:
     D:1: 1003 daAuts
     D:2: 897 daAuts
     D:3: 778 daAuts
     D:4: 471 daAuts
